 Dungeon Crawl Stone Soup version 0.17.1-3-g152610e (webtiles) character file.

506 dearth the Sneak (level 6, -3/28 HPs)
             Began as a Spriggan Enchanter on Mar 4, 2016.
             Was an Initiate of Ashenzari.
             Killed from afar by an orc wizard (17 damage)
             ... with a wand of fire
             ... on level 3 of the Dungeon.
             The game lasted 00:14:14 (3984 turns).

dearth the Sneak (Spriggan Enchanter)               Turns: 3984, Time: 00:14:15

Health: -3/28      AC:  4    Str:  4    XL:     6   Next: 97%
Magic:  13/13      EV: 21    Int: 18    God:    Ashenzari [......]
Gold:   121        SH:  0    Dex: 17    Spells: 3 memorised, 8 levels left

rFire  . . .     SeeInvis +     s - +2 short sword (speed)
rCold  . . .     Clarity  .     b - +1 robe (curse)
rNeg   . . .     SustAt   .     (shield restricted)
rPois  .         Gourm    .     (helmet restricted)
rElec  .         Spirit   .     g - +0 cloak (curse)
rCorr  .         Warding  .     (gloves unavailable)
rMut   .         Stasis   .     (boots unavailable)
MR     +....                    (no amulet)
Stlth  ++++......               (no ring)
                                (no ring)

@: very quick, somewhat resistant to hostile enchantments, stealthy
A: unfitting armour, see invisible, herbivore 3, speed 3, slow metabolism 2
a: Renounce Religion


You were on level 3 of the Dungeon.
You worshipped Ashenzari.
Ashenzari was noncommittal.
You were not hungry.

You visited 1 branch of the dungeon, and saw 3 of its levels.
You also visited: Sewer.

You collected 121 gold pieces.

Inventory:

Hand Weapons
 s - a +2 short sword of speed (weapon)
Armour
 b - a cursed +1 robe (worn)
 g - a cursed +0 cloak (worn)
Scrolls
 d - a scroll of fog {unknown}
 f - a scroll of curse jewellery
 h - 2 scrolls of teleportation {unknown}
 k - a scroll of identify {unknown}
 m - a scroll of amnesia {unknown}
 o - 2 scrolls of enchant weapon {unknown}
 p - a scroll of fear {unknown}
 r - a scroll of remove curse
 u - a scroll of noise {unknown}
Potions
 a - a potion of experience {unknown}
 e - 2 potions of magic {unknown}
 i - 3 potions of agility {unknown}
 j - 2 potions of invisibility {unknown}
 l - 2 potions of curing {unknown}
 n - 2 potions of flight {unknown}
 q - a potion of heal wounds {unknown}
Books
 c - a book of Maledictions

   Spells                             Type                      Level
   a - Corona                         Hexes                        1
   b - Ensorcelled Hibernation        Hexes/Ice                    2
   c - Confuse                        Hexes                        3
   d - Tukima's Dance                 Hexes                        3
   e - Dazzling Spray                 Conjuration/Hexes            3
Comestibles
 t - a slice of pizza
 v - a bread ration


   Skills:
 + Level 3.5 Short Blades
 + Level 6.1 Dodging
 + Level 6.5 Stealth
 + Level 4.5 Spellcasting
 + Level 5.2 Hexes


You had 8 spell levels left.
You knew the following spells:

 Your Spells              Type           Power        Failure   Level  Hunger
a - Corona                Hex            ###....      1%          1    None
b - Ensorcelled Hibernat  Hex/Ice        ##....       10%         2    #......
c - Confuse               Hex            ###.....     6%          3    ###....


Dungeon Overview and Level Annotations

Branches:
Dungeon (3/15)

Altars:
Ashenzari
Cheibriados
Trog


Innate Abilities, Weirdness & Mutations

You are tiny and cannot use many weapons and most armour.
You have supernaturally acute eyesight.
You are a herbivore.
You cover ground extremely quickly.
You need consume almost no food.


Message History

You barely miss the orc wizard. You hit the orc.
The orc is moderately wounded.
The orc wizard zaps a wand.
The bolt of fire misses you. The orc completely misses you.
You hit the orc.
You kill the orc!
You hit the orc wizard.
The orc wizard is lightly wounded.
The orc wizard zaps a wand.
The bolt of fire misses you.
You barely miss the orc wizard.
The orc wizard is lightly wounded.
The orc wizard closely misses you.
You hit the orc wizard.
The orc wizard is moderately wounded.
You barely miss the orc wizard.
The orc wizard is moderately wounded.
The orc wizard zaps a wand.
The bolt of fire hits you!
Ouch! That really hurt!
You die...

................#..# .#
####..###.......#..######.###
......# #.......#............
####..# #.......#............
# #..# ######.##........)...
# #..########.##...##.......
. ............#.....†.g$....
. ............##).##........
# ..........@o..#........
########.##...#........
#.###..#.####### ... ......
#..< ..?### #.###...# #.
#...# #. #...#


You could see an orc wizard (invisible).

Vanquished Creatures
  Sigmund (D:2)
  2 big kobolds (Sewer)
  3 adders
  4 river rats
  5 oozes (Sewer)
  6 worms
  3 giant geckos
  3 orcs (D:3)
  5 bats
  10 goblins
  10 hobgoblins
  15 jackals
  12 kobolds
  A quokka (D:2)
  4 ball pythons
  6 giant cockroaches
  4 giant newts (D:1)
  7 rats
101 creatures vanquished.

Vanquished Creatures (others)
  An orc (D:3)
  A bat (D:3)
2 creatures vanquished.

Grand Total: 103 creatures vanquished

Notes
Turn   | Place    | Note
--------------------------------------------------------------
     0 | D:1      | dearth the Spriggan Enchanter began the quest for the Orb.
     0 | D:1      | Reached XP level 1. HP: 9/9 MP: 5/5
   285 | D:1      | Reached XP level 2. HP: 8/13 MP: 6/6
   725 | D:1      | Reached skill level 5 in Stealth
   897 | D:1      | Reached XP level 3. HP: 16/16 MP: 8/8
   903 | D:1      | Learned a level 2 spell: Ensorcelled Hibernation
   907 | D:1      | Learned a level 3 spell: Confuse
  1101 | D:2      | Noticed Sigmund
  1113 | D:2      | Killed Sigmund
  1113 | D:2      | Reached XP level 4. HP: 14/21 MP: 6/10
  1113 | D:2      | Reached XP level 5. HP: 16/24 MP: 6/11
  1307 | D:2      | Reached skill level 5 in Dodging
  1381 | D:2      | Found a bloodstained altar of Trog.
  1917 | D:2      | Reached skill level 6 in Stealth
  2013 | D:3      | Found a shattered altar of Ashenzari.
  2019 | D:3      | Became a worshipper of Ashenzari the Shackled
  2121 | D:3      | Found a glowing drain.
  2125 | Sewer    | Entered a sewer
  2841 | Sewer    | Reached XP level 6. HP: 16/28 MP: 8/13
  3188 | Sewer    | Reached skill level 5 in Hexes
  3729 | D:3      | Found a snail-covered altar of Cheibriados.
  3984 | D:3      | Killed from afar by an orc wizard

Action                   |  1- 3 |  4- 6 || total
-------------------------+-------+-------++-------
Melee: Dagger            |   109 |   347 ||   456
       Short sword       |       |    96 ||    96
 Cast: Ensorcelled Hiber |     1 |     1 ||     2
       Confuse           |       |     4 ||     4
  Use: Scroll            |       |     2 ||     2
 Stab: Sleeping          |    10 |    10 ||    20
       Distracted        |     1 |     1 ||     2
       Confused          |       |     6 ||     6
  Eat: Bread ration      |       |     1 ||     1
